[Event "*** Titled Tuesday Blitz"]
[Site "Chess.com"]
[Date "2020.12.29"]
[Round "5"]
[White "lelajavakhishvili"]
[Black "Jenia84"]
[Result "0-1"]
[WhiteElo "2504"]
[BlackElo "2345"]
[TimeControl "180+1"]
[EndTime "10:55:43 PST"]
[Termination "Jenia84 won by resignation"]

1. Nf3 Nf6 2. g3 b6 3. Bg2 Bb7 4. O-O c5 5. c4 Nc6 6. Nc3 Rc8 7.
b3 g6 8. Bb2 Bg7 9. Nd5 e6 10.
Nxf6+ Bxf6 11. Bxf6 Qxf6 12. d3 Nd4 13. Nd2 Bxg2 14.
Kxg2 O-O 15. e3 Nc6 16. Qf3 Qxf3+ 17. Nxf3 d5 18. cxd5 exd5 19. Rfd1 d4 20. e4 f5 21. Nd2 Ne5 22. Nc4 Nxc4 23. bxc4 fxe4 24. dxe4 Rce8 25. f3 g5 26. h3 h5 27. Re1 Re6 28. a4 Rfe8 29. a5 g4 30. hxg4 hxg4 31. axb6 axb6 32. Ra7 gxf3+ 33. Kxf3 R8e7 34. Rxe7 Rxe7 35. e5 Kf7 36. Ke4 Ke6 37. Rh1 Rg7 38. Rh6+ Kd7 39. Rxb6 Rxg3 40. Kd5 d3 41. Rb7+ Kc8 42. Rb3 d2 43. Rxg3 d1=Q+ 44. Ke6 Qd7+ 45. Kf6 Qd8+ 46. Kf7 Qc7+ 47. Kf6 Qd8+ 48.
Kf7 Qd4 49. Rg8+ Kc7 50. e6 Qxc4 51. Rg7 Qf4+ 52. Ke8+ Kd6 53. e7 Qf6 54. Rf7 Qe6 55. Kf8 Qh6+ 56. Rg7 Qxg7+ 57. Kxg7 Kxe7 0-1

[Event "*** Titled Tuesday Blitz"]
[Site "Chess.com"]
[Date "2020.12.29"]
[Round "5"]
[White "AsaHoffmann"]
[Black "KyronGriffith"]
[Result "1-0"]
[WhiteElo "2363"]
[BlackElo "2533"]
[TimeControl "180+1"]
[EndTime "10:55:43 PST"]
[Termination "AsaHoffmann won on time"]

1. d4 Nf6 2. Bg5 e6 3. Nd2 c5 4.
e3 h6 5. Bh4 b6 6. Bd3 Bb7 7.
Ngf3 d6 8. Qe2 Nbd7 9. c3 Be7 10. h3 O-O 11. Bg3 Re8 12. O-O Bf8 13. Rfe1 e5 14.
dxe5 Nxe5 15. Nxe5 dxe5 16. e4 g6 17. Bb5 Re7 18. Rad1 Qc7 19. f3 Nh5 20. Bh2 a6 21. Bc4 b5 22. Bd5 c4 23. Nf1 Bxd5 24. exd5 Rae8 25.
d6 Qa7+ 26. Qe3 Qxe3+ 27. Nxe3 Rd7 28. g4 Nf4 29. Bxf4 exf4 30. Nd5 Rxe1+ 31. Rxe1 Rxd6 32. Nxf4 Rd2 33. Re2 Bc5+ 34. Kg2 Rxe2+ 35. Nxe2 Kg7 36. f4 Kf6 37. Kf3 Ke6 38. Ke4 f5+ 39. gxf5+ gxf5+ 40. Kf3 a5 41. a3 b4 42. axb4 axb4 43. Nc1 Kd5 44. Ne2 bxc3 45. bxc3 Bb6 46. Ng3 Ke6 47. Ne2 Kf6 48. Ng3 Ba5 49. Ne2 Kg6 50. Ke3 Bb6+ 51.
Kd2 Kh5 52. Nd4 Kg6 53. Nc2 Bc7 54. Ke3 Ba5 55. Kd4 Bc7 56. Kxc4 Bxf4 57. Kd5 Kg5 58. c4 Kh4 59. Nd4 Kxh3 60. Nxf5 h5 61. c5 Kg4 62. Nd6 h4 63. c6 h3 64. c7 h2 65.
c8=Q+ Kg3 66. Ne4+ Kg2 67. Qg8+ Kf3 68. Qh7 Bg3 69.
Qh3 Ke2 70. Nxg3+ 1-0

[Event "*** Titled Tuesday Blitz"]
[Site "Chess.com"]
[Date "2020.12.29"]
[Round "5"]
[White "Arseniy_Nesterov"]
[Black "FairChess_on_YouTube"]
[Result "1-0"]
[WhiteElo "2786"]
[BlackElo "2995"]
[TimeControl "180+1"]
[EndTime "10:55:45 PST"]
[Termination "Arseniy_Nesterov won by resignation"]

1. d4 Nf6 2. c4 e6 3. Nf3 a6 4.
Nc3 d5 5. cxd5 exd5 6. Bg5 Be6 7. Bxf6 Qxf6 8. Qb3 Ra7 9. g3 Qd8 10. h4 Be7 11.
Ng5 Bxg5 12. hxg5 Nd7 13. Bg2 c6 14. f4 Qb6 15. Qxb6 Nxb6 16. O-O-O Nc4 17. Bf3 b5 18. b3 Nd6 19. e4 dxe4 20. Nxe4 Nxe4 21. Bxe4 Ke7 22.
Bxc6 Rc8 23. d5 Bxd5 24. Rxd5 Rxc6+ 25. Kb2 Rac7 26. Re5+ Re6 27. Rxe6+ Kxe6 28. Rxh7 g6 29. g4 Rd7 30. Kc3 a5 31. Rh6 b4+ 32. Kc4 Rd2 33. f5+ Ke5 34. fxg6 fxg6 35. Rxg6 Rxa2 36. Ra6 Rc2+ 37.
Kb5 Kd4 38. Rxa5 Kc3 39. Ra4 Re2 40. Rxb4 Re5+ 41. Ka4 Rxg5 42. Rc4+ Kd3 43. Kb4 Rg8 44. Rf4 Rb8+ 45. Ka3 Kc3 46. Rc4+ Kd3 47. g5 Ra8+ 48. Kb2 Rh8 49. Rg4 Rh2+ 50. Ka3 Rh7 51. g6 Rg7 52.
Ka4 Ke3 53. b4 Kf3 54. Rg1 Ke4 55. b5 Kd5 56. Ka5 Kc5 57. Rg5+ Kc4 58. b6 1-0

[Event "*** Titled Tuesday Blitz"]
[Site "Chess.com"]
[Date "2020.12.29"]
[Round "5"]
[White "Rsnr"]
[Black "Aygehovit1992"]
[Result "1-0"]
[WhiteElo "2801"]
[BlackElo "2595"]
[TimeControl "180+1"]
[EndTime "10:55:45 PST"]
[Termination "Rsnr won on time"]

1. b3 g6 2. Bb2 Nf6 3. g3 Bg7 4. Bg2 O-O 5. Nf3 c5 6. c4 Nc6 7. O-O d6 8. d3 Bd7 9. Nc3 a6 10. a3 Rb8 11. Qc2 b5 12. Rfd1 bxc4 13. bxc4 e6 14.
Rab1 Qe7 15. Na4 e5 16. e3 Bg4 17. h3 Bh5 18. Nc3 Qd7 19. Kh2 h6 20. Re1 g5 21.
Nd2 Bg6 22. Nde4 Ne8 23. Qa4 Rc8 24. Nd5 f5 25. Nb6 Qc7 26. Nxc8 Qxc8 27. Nxd6 Nxd6 28. Qxc6 Qxc6 29. Bxc6 f4 30. exf4 gxf4 31. g4 Bxd3 32. Rbd1 e4 33. Bd5+ Kh8 34. Bxg7+ Kxg7 35. Bxe4 Nxe4 36.
Rxd3 Ng5 37. f3 Rb8 38. Re2 Rb1 39. h4 Nf7 40. Rd7 Kf6 41. Rc7 Ne5 42. Kg2 Nxc4 43. Rxc5 Ne3+ 44. Kh2 Nf1+ 45. Kh3 Ne3 46. Rc6+ Ke5 47.
Kh2 Rf1 48. Rxh6 Rxf3 49. g5 Kf5 50. Rf6+ Kg4 51. g6 Rh3+ 52. Kg1 Rg3+ 53. Kf2 Rg2+ 54.
Ke1 Rg1+ 55. Kd2 Rd1+ 56. Kc3 Nd5+ 57. Kc2 1-0

[Event "*** Titled Tuesday Blitz"]
[Site "Chess.com"]
[Date "2020.12.29"]
[Round "5"]
[White "NMShanMeruga"]
[Black "gahryman"]
[Result "1-0"]
[WhiteElo "2438"]
[BlackElo "2677"]
[TimeControl "180+1"]
[EndTime "10:55:48 PST"]
[Termination "NMShanMeruga won by resignation"]

1. d4 Nf6 2. Nf3 g6 3. b3 Bg7 4. Bb2 O-O 5. c4 d6 6. Nc3 Nbd7 7. e3 e5 8. Be2 Re8 9. O-O e4 10. Nd2 Nf8 11. d5 h5 12. b4 h4 13. h3 N8h7 14.
a4 Ng5 15. a5 a6 16. Na4 Bf5 17. Kh1 Qd7 18. Ra2 Re7 19. Qa1 Ne8 20. Bxg7 Nxg7 21. Qf6 Nh7 22. Qxh4 Rae8 23. g4 g5 24. Qg3 Bg6 25.
Kg2 f5 26. Nc3 Rf7 27. Bd1 f4 28. exf4 gxf4 29. Qh4 Re5 30. Ba4 Qc8 31. f3 e3 32.
Nde4 Qf8 33. Bc2 Ne8 34. b5 Nef6 35. Nxf6+ Rxf6 36. Bxg6 Rxg6 37. Ne4 Rxe4 38. fxe4 Ng5 39. Rf3 Qe7 40. Rxf4 Qe5 41. Qg3 Nxe4 42. Qxe3 Nc3 43. Qxe5 dxe5 44. Rff2 Nxa2 45. Rxa2 e4 46. bxa6 bxa6 47.
Kg3 c6 48. Kf4 cxd5 49. cxd5 Rf6+ 50. Kxe4 Rf1 51. Rd2 Kf7 52. d6 Ke8 53. d7+ Kd8 54. h4 Re1+ 55. Kf5 Rf1+ 56. Kg6 Rg1 57. g5 Ra1 58. h5 Rb1 59. h6 Re1 60. h7 Re6+ 61.
Kh5 Re5 62. h8=Q+ Re8 63. Qxe8+ 1-0

[Event "*** Titled Tuesday Blitz"]
[Site "Chess.com"]
[Date "2020.12.29"]
[Round "5"]
[White "jens1102"]
[Black "PotapovaM"]
[Result "0-1"]
[WhiteElo "2375"]
[BlackElo "2548"]
[TimeControl "180+1"]
[EndTime "10:55:49 PST"]
[Termination "PotapovaM won by checkmate"]

1. Nf3 d5 2. d4 Nf6 3. c4 e6 4. Nc3 c5 5. g3 cxd4 6. Nxd4 e5 7. Nf3 d4 8. Nb1 Nc6 9. Bg2 e4 10. Ng5 e3 11. O-O h6 12. Nf3 exf2+ 13. Rxf2 Bc5 14. a3 Ng4 15. Rf1 d3+ 16. Kh1 Nf2+ 17. Rxf2 Bxf2 18. exd3 O-O 19. Nc3 Bf5 20. Nd5 Ne7 21.
Nxe7+ Qxe7 22. Bf4 Rad8 23. d4 Bg4 24. d5 Rfe8 25. Qd2 Be3 26. Bxe3 Qxe3 27. Qxe3 Rxe3 28. Nd4 Rd3 29. Nb5 a6 30. Nc3 Rd2 31. h3 Bf5 32. g4 Bd3 33. c5 Rxb2 34. d6 Rc2 35. Nd5 Rxc5 36. Ne7+ Kf8 37. Rd1 Rxd6 38. Nf5 Rd7 39. Ne3 b5 40. Rd2 a5 41. Rb2 g6 42. Kg1 Kg7 43. Kf2 Bc4 44. Be4 Re5 45. Bc2 Rd2+ 46. Kf3 Re2 47. Nxc4 bxc4 48. Rb5 Rxb5 49. Kxe2 Rd5 50.
Ke3 c3 51. Bd3 Kf6 52. Bc2 Ke5 53. Bb3 Rd7 54. Bc2 Rd2 55. Bb3 f5 56. Bf7 f4+ 57.
Kf3 c2 58. Bxg6 c1=Q 59. Bc2 Qf1# 0-1

[Event "*** Titled Tuesday Blitz"]
[Site "Chess.com"]
[Date "2020.12.29"]
[Round "5"]
[White "Eloist"]
[Black "erdni1993"]
[Result "1-0"]
[WhiteElo "2363"]
[BlackElo "2514"]
[TimeControl "180+1"]
[EndTime "10:55:49 PST"]
[Termination "Eloist won on time"]

1. e4 c5 2. Nf3 e6 3. d4 cxd4 4. Nxd4 Nc6 5. Nc3 Qc7 6. Be3 a6 7. Bd3 b5 8. Nxc6 Qxc6 9. a3 Bb7 10. O-O Nf6 11. Qe2 h5 12. h3 h4 13. Kh1 Nh5 14.
Rad1 Bc5 15. Bxc5 Qxc5 16. Qg4 g5 17. e5 Qxe5 18. Be4 Bxe4 19. Nxe4 f5 20. Qxg5 Qxe4 21. Qg6+ Kd8 22. Rfe1 Qb7 23. Rxe6 Rc8 24. Red6 Rc7 25. Rb6 Nf4 26. Qf6+ Ke8 27. Rxb7 Rxb7 28. Qxh8+ Ke7 29. Qe5+ Ne6 30. Qd6+ Ke8 31. Qxa6 Rc7 32. Qa8+ Ke7 33. c3 Rc4 34. Qf3 Rf4 35. Qe3 Re4 36. Qh6 Nf4 37.
Qh7+ Ke6 38. Qxf5+ Kxf5 39. Rxd7 Re1+ 40. Kh2 Ne2 41.
Rd5+ Ke4 42. Rxb5 Kd3 43. Rb4 Rf1 44. Rxh4 Rxf2 45. a4 Rf5 46. Rg4 Ra5 47. h4 Ke3 48. Kh3 Rh5 49. Rg5 Nf4+ 50. Kg3 Ne2+ 51. Kh3 Rh8 52. Kg4 Rf8 53. g3 Rf3 54. Re5+ Kf2 55. Rf5 1-0

[Event "*** Titled Tuesday Blitz"]
[Site "Chess.com"]
[Date "2020.12.29"]
[Round "5"]
[White "HackingKid98"]
[Black "ENajer77"]
[Result "0-1"]
[WhiteElo "2427"]
[BlackElo "2636"]
[TimeControl "180+1"]
[EndTime "10:55:50 PST"]
[Termination "ENajer77 won on time"]

1. d4 Nf6 2. c4 e6 3. g3 Bb4+ 4.
Bd2 c5 5. Nf3 Qb6 6. Bxb4 Qxb4+ 7. Qd2 Nc6 8. Qxb4 Nxb4 9. Na3 b6 10. Bg2 Bb7 11. O-O Ke7 12. Rfd1 Rhd8 13. Nb5 a6 14. Nc3 Rac8 15. a3 Bxf3 16. Bxf3 Nc2 17. Rac1 Nxd4 18. Bb7 Rb8 19. Bxa6 g5 20. e3 Nf3+ 21. Kg2 g4 22. b4 h5 23. h4 Ne5 24. Bb5 Rdc8 25.
Na4 Ne4 26. bxc5 bxc5 27. Nc3 Nd6 28. a4 Ndxc4 29. Ne4 d5 30. Nd2 Nb2 31. Rf1 c4 32. Nb1 Nbd3 33. Rc2 Nb4 34. Rb2 Ned3 35. Rd2 Nc5 36.
Nc3 Nb3 37. Rb2 Nd3 38. Ra2 Ra8 39. Rc2 Ra5 40. Ra2 Rc7 41. Rc2 Kd6 42. Re2 Ke5 43. Rc2 Nb4 44. Ne2 Nxc2 45. Nf4 Na3 46. Nxh5 Nxb5 47.
axb5 Rxb5 48. Ng7 c3 49. h5 c2 50. h6 Rb8 51. Nh5 c1=Q 52. Rxc1 Rxc1 53. Nf4 Nc5 54. h7 Rh8 55. f3 Rc2+ 56. Kf1 gxf3 0-1

[Event "*** Titled Tuesday Blitz"]
[Site "Chess.com"]
[Date "2020.12.29"]
[Round "5"]
[White "IMVoja"]
[Black "maheswaran26"]
[Result "1-0"]
[WhiteElo "2412"]
[BlackElo "2241"]
[TimeControl "180+1"]
[EndTime "10:55:51 PST"]
[Termination "IMVoja won on time"]

1. e4 c5 2. Nf3 e6 3. d3 Nc6 4. g3 g6 5. Bg2 Bg7 6. O-O Nge7 7. c3 O-O 8. Nbd2 d6 9. a4 e5 10. Re1 h6 11. Nc4 Be6 12. Nfd2 f5 13.
a5 f4 14. a6 b5 15. Na3 Rb8 16.
Rf1 g5 17. Bf3 Qd7 18. Bh5 Bh3 19. Re1 Kh8 20. Bf3 Be6 21. Bg2 g4 22. Rb1 f3 23.
Bf1 Ng6 24. Nc2 h5 25. Ne3 Rb6 26. Nf5 Rxa6 27. Nb3 Rb6 28. Be3 Bxf5 29. exf5 Qxf5 30. d4 cxd4 31. cxd4 e4 32. d5 Nce5 33. Bxb6 axb6 34. Nd4 Qf7 35. Ne6 Rc8 36. Rc1 Rxc1 37. Qxc1 Bh6 38. Qc8+ Kh7 39. Bxb5 e3 40. Qe8 Qxe8 41. Bxe8 exf2+ 42. Kxf2 Nd3+ 43. Kf1 Nxe1 44. Kxe1 Ne5 45. Bxh5 Bc1 46.
b4 Ba3 47. h3 Bxb4+ 48. Kf2 gxh3 49. Bxf3 Nd3+ 50. Ke3 Ne5 51. Bh1 1-0

[Event "*** Titled Tuesday Blitz"]
[Site "Chess.com"]
[Date "2020.12.29"]
[Round "5"]
[White "rubhani"]
[Black "Morshynska"]
[Result "1-0"]
[WhiteElo "2488"]
[BlackElo "2218"]
[TimeControl "180+1"]
[EndTime "10:55:53 PST"]
[Termination "rubhani won on time"]

1. b3 e5 2. Bb2 d6 3. g3 f5 4. Bg2 Nf6 5. c4 g6 6. Nc3 Bg7 7. e3 O-O 8. Nge2 e4 9. O-O Nc6 10. d3 exd3 11. Qxd3 Ne5 12. Qc2 Kh8 13. Rad1 Qe7 14.
Nf4 Qf7 15. c5 dxc5 16. Na4 Ned7 17. Nxc5 Nxc5 18. Qxc5 c6 19. Rd3 Nd7 20. Bxg7+ Qxg7 21. Qa3 Ne5 22. Rd2 Bd7 23. Rfd1 a6 24. Qb4 Rab8 25.
Qa3 Rfe8 26. Qb2 Rbd8 27. h3 Kg8 28. b4 Qe7 29. Qb3+ Qf7 30. Qb2 Qe7 31. Qb3+ Qf7 32. Qxf7+ Kxf7 33. Nd3 Nxd3 34. Rxd3 Ke7 35. e4 fxe4 36.
Rd4 Bf5 37. g4 Rxd4 38. Rxd4 Be6 39. Rxe4 Rd8 40. a3 Rd1+ 41. Kh2 Kd6 42. Re3 Bd5 43. Bxd5 cxd5 44. Kg3 d4 45. Re8 d3 46. Kf3 Kd5 47.
Rd8+ Kc4 48. Ke3 Kc3 49. Rc8+ Kb3 50. f4 Kxa3 51. Rc3+ Kxb4 52. Rxd3 Re1+ 53. Kd4 Rf1 54. Ke5 a5 55. f5 gxf5 56. gxf5 a4 57. f6 a3 58. Rd7 a2 59. Rxb7+ Ka3 60. Ra7+ Kb2 61.
f7 1-0

[Event "*** Titled Tuesday Blitz"]
[Site "Chess.com"]
[Date "2020.12.29"]
[Round "5"]
[White "Jean-Claude_Vandal"]
[Black "rychessmaster1"]
[Result "0-1"]
[WhiteElo "2401"]
[BlackElo "2573"]
[TimeControl "180+1"]
[EndTime "10:55:54 PST"]
[Termination "rychessmaster1 won on time"]

1. d4 Nf6 2. c4 e6 3. Nf3 b6 4. g3 Ba6 5. b3 Bb4+ 6. Bd2 Be7 7. Bg2 c6 8. O-O d5 9. Ne5 Nfd7 10. Nxd7 Nxd7 11. Qc2 O-O 12. e4 Rc8 13. Be3 dxc4 14. bxc4 c5 15. d5 Bf6 16. Nd2 Bxa1 17. Rxa1 Qf6 18.
Rb1 Ne5 19. a4 Ng4 20. Bf4 e5 21. Qd1 Nxf2 22. Kxf2 exf4 23. Qf3 fxg3+ 24. hxg3 Qd4+ 25. Qe3 Bxc4 26. Nxc4 Qxc4 27. a5 bxa5 28. Bh3 Rcd8 29. Rc1 Qd4 30. Rxc5 Qxe3+ 31. Kxe3 a4 32. Ra5 Rfe8 33. Kd4 f6 34. Rxa4 Re7 35. Ra6 Kf7 36. Bf1 h5 37. Be2 Kg6 38. Bd3 Kg5 39. Be2 Rde8 40.
Bf3 h4 41. gxh4+ Kxh4 42. Ra3 Rd8 43. Ra1 g5 44. Rg1 a5 45. Rg4+ Kh3 46. Rg1 Kh2 47.
Ra1 Kg3 48. Ra3 Kf4 49. Bg2 g4 50. Rxa5 Rb7 51. Bf1 g3 52. Ra2 Rb1 53. Bh3 Rh1 54. Bg2 Rh2 55. Kc5 Ke5 56. Kc6 Rc8+ 57. Kd7 Rc1 58.
Ke7 Rg1 59. d6 Rgxg2 60. d7 Rxa2 61. d8=Q Ra7+ 62. Qd7 Rxd7+ 63. Kxd7 g2 64. Kc6 g1=Q 65. Kb5 Rc2 66. Ka4 Qb1 0-1

[Event "*** Titled Tuesday Blitz"]
[Site "Chess.com"]
[Date "2020.12.29"]
[Round "5"]
[White "Schwindle"]
[Black "brunomorado"]
[Result "0-1"]
[WhiteElo "2249"]
[BlackElo "2421"]
[TimeControl "180+1"]
[EndTime "10:55:54 PST"]
[Termination "brunomorado won by resignation"]

1. b3 d5 2. Bb2 Nf6 3. e3 Nc6 4. f4 e6 5. Nf3 Be7 6. Be2 O-O 7.
O-O Nd7 8. d4 Bf6 9. c4 dxc4 10.
bxc4 b6 11. Nc3 Bb7 12. Rc1 Na5 13. Ne5 c5 14. Nb5 Qe7 15. Bf3 Bxf3 16. Qxf3 a6 17.
Na3 Rac8 18. Ng4 cxd4 19. Nxf6+ Nxf6 20. exd4 Qb4 21. Qe2 Rfd8 22. Rfd1 Rd7 23. Qd2 Qxd2 24. Rxd2 Rdc7 25. Rdc2 b5 26. cxb5 Rxc2 27. Rxc2 Rxc2 28. Nxc2 axb5 29. Nb4 Nc4 30. Bc1 Nd5 31. Nxd5 exd5 32. a3 f5 33. Kf2 Kf7 34. Ke2 Ke6 35. Kd3 Kd6 36. Kc3 Kc6 37. Kb4 Nd6 38. a4 bxa4 39.
Kxa4 Ne4 40. Kb3 Kb5 41. Ba3 Nd2+ 42. Kc2 Nf1 43. Kd3 Nxh2 44. Bf8 g6 45. Be7 Nf1 46. Bh4 Nh2 47. Be7 Ng4 48. Bh4 Kb4 49.
Be7+ Kb3 50. Bh4 Nh6 51. Be7 Nf7 52. Bc5 Nd8 53. Bd6 Nc6 54. Bc5 Nb4+ 55. Ke3 Kc3 56.
g3 Nc2+ 57. Kf3 Nxd4+ 58. Ke3 Ne6 59. Bd6 d4+ 60. Ke2 d3+ 61. Kd1 Nd4 62. Be5 Kc4 63. Bf6 Nf3 64. Bg7 Kd5 65. Bf8 Ke4 66. Bc5 Nd4 67. Bb6 Nb3 68. Bf2 Kf3 69. Be1 Nd4 70.
Bc3 Ne2 71. Be5 Nxg3 72. Kd2 Ne2 73. Kxd3 Nxf4+ 74. Kd2 g5 75. Ke1 Nd3+ 76. Kf1 Nxe5 0-1

[Event "*** Titled Tuesday Blitz"]
[Site "Chess.com"]
[Date "2020.12.29"]
[Round "5"]
[White "winniethepooh04"]
[Black "2nd_life"]
[Result "0-1"]
[WhiteElo "2239"]
[BlackElo "2483"]
[TimeControl "180+1"]
[EndTime "10:55:55 PST"]
[Termination "2nd_life won by resignation"]

1. e4 e5 2. Nf3 Nc6 3. Bc4 Bc5 4.
c3 Nf6 5. d4 exd4 6. cxd4 Bb4+ 7. Nc3 Nxe4 8. O-O Bxc3 9. d5 Bf6 10. Re1 Ne7 11. Rxe4 d6 12. Bg5 Bxg5 13. Nxg5 h6 14.
Qh5 O-O 15. Rae1 Ng6 16. Ne6 fxe6 17. Qxg6 e5 18. Rxe5 dxe5 19. d6+ Kh8 20. Bd3 Bf5 21. Bxf5 Rxf5 22. Qxf5 cxd6 23. Qf7 Qb6 24. b3 Rc8 25. Rd1 Qd4 26. Qh5 Qe4 27. h4 Rd8 28. a3 d5 29.
Rc1 d4 30. Rc7 Qe1+ 31. Kh2 Qxf2 32. Qxe5 Qxh4+ 33. Kg1 Qg5 34. Qxg5 hxg5 35. Kf2 d3 36. Ke1 Re8+ 37. Kd2 Re2+ 38. Kxd3 Rxg2 39. Rxb7 a5 40. Ra7 a4 41. Rxa4 Rg3+ 42. Kc4 g4 43. Ra8+ Kh7 44. b4 Rg1 45. b5 g3 46. b6 Rb1 47.
Re8 g2 48. b7 g1=Q 49. b8=Q Rxb8 50. Rxb8 Qc1+ 51. Kd5 Qxa3 52. Kc6 Qc3+ 53. Kd7 Qd4+ 54. Kc8 Qc5+ 55. Kd8 Qd6+ 56. Kc8 Qxb8+ 57. Kxb8 g5 58. Kc7 g4 59. Kd6 g3 60. Ke7 g2 0-1

[Event "*** Titled Tuesday Blitz"]
[Site "Chess.com"]
[Date "2020.12.29"]
[Round "5"]
[White "annacramling"]
[Black "PenguinPacks"]
[Result "1/2-1/2"]
[WhiteElo "2089"]
[BlackElo "2461"]
[TimeControl "180+1"]
[EndTime "10:55:58 PST"]
[Termination "Game drawn by repetition"]

1. d4 Nf6 2. c4 e6 3. Nc3 Bb4 4. Qc2 O-O 5. e4 d6 6. e5 dxe5 7. dxe5 Ng4 8. Nf3 Nc6 9. Bf4 Bc5 10. Ne4 Nd4 11. Qd3 Bb4+ 12. Nc3 c5 13. h3 Nh6 14. Bxh6 gxh6 15. O-O-O Qa5 16. Nxd4 cxd4 17. Qxd4 Bxc3 18. Qxc3 Qxa2 19. Qc2 b6 20. Bd3 Bb7 21. Bxh7+ Kh8 22. Be4 Bxe4 23. Qxe4 Rac8 24. Rd4 Qa1+ 25. Qb1 Qa4 26. Qe4 b5 27. Qh4 Kh7 28. Qe4+ Kh8 29. Qh4 Rxc4+ 30. Rxc4 Qxc4+ 31. Qxc4 bxc4 32. Kd2 Rd8+ 33. Kc3 Rd5 34. Kxc4 Rxe5 35. Rd1 Rf5 36. Rd2 a6 37. b4 Kg7 38. g3 h5 39. h4 Kf6 40.
Kb3 Ke5 41. Kc4 Kf6 42. Re2 Ke7 43. Kc3 Kd6 44. Kb3 Kc6 45. Kc4 Kb6 46. Kb3 Rf3+ 47. Ka4 Rc3 48. Rd2 Rc4 49. Kb3 Re4 50. Rd6+ Kb5 51.
Rd7 Rxb4+ 52. Kc3 Rc4+ 53. Kd3 Rc5 54. Rb7+ Kc6 55. Rxf7 Rf5 56. Ra7 Kb6 57. Ra8 Rxf2 58. Re8 Rf3+ 59. Ke2 Rxg3 60. Rxe6+ Kb7 61. Re5 Rg2+ 62.
Kd3 Rg4 63. Rxh5 Kb6 64. Kc3 a5 65. Kb3 Rg3+ 66. Ka4 Rg4+ 67. Kb3 Ka6 68. Ka3 Kb6 69. Kb3 1/2-1/2

[Event "*** Titled Tuesday Blitz"]
[Site "Chess.com"]
[Date "2020.12.29"]
[Round "5"]
[White "dretch"]
[Black "Bigfish1995"]
[Result "0-1"]
[WhiteElo "2842"]
[BlackElo "3015"]
[TimeControl "180+1"]
[EndTime "10:55:59 PST"]
[Termination "Bigfish1995 won by checkmate"]

1. d4 Nf6 2. c4 g6 3. Nc3 Bg7 4. e4 d6 5. Nf3 O-O 6. h3 Nc6 7. d5 Nb4 8. Be2 a5 9. O-O e6 10. Bg5 h6 11. Be3 Re8 12. Qd2 Kh7 13. Nd4 exd5 14.
exd5 Bd7 15. Bf3 Na6 16. Rfe1 Nc5 17. Bf4 a4 18. Rxe8 Bxe8 19. Re1 Nfd7 20. Be2 Nb6 21. Bf1 Bd7 22. Ndb5 Bxb5 23. Nxb5 Nbd7 24. Qc2 Qf6 25. Bc1 c6 26. Nc7 Rc8 27. Ne8 Qh4 28. Nxg7 Kxg7 29. dxc6 Rxc6 30. Qc3+ Qf6 31. Qe3 g5 32.
Bd2 Ne5 33. Bc3 Ncd7 34. Rd1 Kg8 35. Rd4 Qe6 36. f4 Ng6 37. Qxe6 fxe6 38. fxg5 hxg5 39.
Rg4 Nge5 40. Rxg5+ Kf7 41. b3 axb3 42. axb3 Ra6 43.
h4 Ra3 44. Rg3 Nf6 45. Bb4 Ra1 46. Bxd6 Nc6 47. Rf3 e5 48. g4 Ke6 49. g5 Ne4 50.
Bf8 Nd4 51. Re3 Nd2 52. Bg7 Rxf1+ 53. Kg2 Rf5 54. Bh8 N2f3 55. Kg3 Nd2 56. Kg4 Rf4+ 57.
Kh5 Ne4 58. Kg6 Nf5 59. Re1 Nxh4+ 60. Kh5 Nf3 61. Ra1 Rh4+ 62. Kg6 Rxh8 63. Ra7 Rg8+ 64.
Kh6 Nfxg5 65. Rxb7 Nf7+ 66. Kh7 Nf6# 0-1

[Event "*** Titled Tuesday Blitz"]
[Site "Chess.com"]
[Date "2020.12.29"]
[Round "5"]
[White "BahadirOzen"]
[Black "vlad_Sid"]
[Result "1-0"]
[WhiteElo "2786"]
[BlackElo "2573"]
[TimeControl "180+1"]
[EndTime "10:56:01 PST"]
[Termination "BahadirOzen won on time"]

1. Nf3 d5 2. d4 Nf6 3. c4 e6 4. Nc3 Bb4 5. e3 O-O 6. Bd3 c5 7. O-O Bxc3 8. bxc3 Nc6 9. Ba3 Nd7 10. cxd5 exd5 11.
c4 dxc4 12. Bxc4 Qa5 13. Qb3 Qc7 14. Rac1 Na5 15. Qb1 Nxc4 16. Rxc4 b6 17. Rfc1 Ba6 18. R4c3 Rfe8 19. dxc5 bxc5 20. Ng5 Nf6 21. Bxc5 Qe5 22.
Nf3 Qe4 23. Bd4 Nd5 24. Qxe4 Rxe4 25. Ra3 Re6 26. Ng5 Rg6 27. Ne4 h6 28. Nc5 Be2 29.
Kh1 Nb4 30. Bc3 Nd3 31. Nxd3 Bxd3 32. Bd4 Be4 33. f3 Bd5 34. Ra5 Rd6 35. h3 a6 36.
Rcc5 Be6 37. Rc7 Rb8 38. Ra7 Bc4 39. Kh2 Rb1 40. Rc5 Bxa2 41. Rc8+ Kh7 42. Raa8 Be6 43.
Rcb8 Rxb8 44. Rxb8 Rc6 45. Ra8 Bc4 46. g4 Bb5 47.
Kg3 f6 48. h4 Rc2 49. h5 Bf1 50. Kf4 Rf2 51. Ra7 Be2 52. Ke4 Bxf3+ 53. Kf4 Be2+ 54. Kg3 Rf3+ 55. Kg2 Kg8 56. Rc7 f5 57. Rxg7+ Kf8 58. g5 hxg5 59. Rxg5 f4 60. h6 fxe3 61. h7 1-0

[Event "*** Titled Tuesday Blitz"]
[Site "Chess.com"]
[Date "2020.12.29"]
[Round "5"]
[White "hansen"]
[Black "tigra"]
[Result "0-1"]
[WhiteElo "2896"]
[BlackElo "2838"]
[TimeControl "180+1"]
[EndTime "10:56:02 PST"]
[Termination "tigra won by resignation"]

1. e4 c5 2. Nf3 d6 3. Bb5+ Nd7 4. c3 a6 5. Ba4 b5 6. Bc2 e5 7. d4 Ngf6 8. O-O Rb8 9. a4 b4 10. d5 b3 11. Bd3 c4 12. Bxc4 Nc5 13. Nbd2 Nfxe4 14.
Nxe4 Nxe4 15. Bxb3 Bg4 16. Bc2 f5 17. a5 Be7 18. h3 Bh5 19. Bxe4 fxe4 20. Qa4+ Qd7 21. Qxd7+ Kxd7 22. Nd2 Rb5 23. c4 Rb4 24. b3 Rhb8 25.
Re1 Bg6 26. Ba3 R4b7 27. c5 dxc5 28. Nc4 Rxb3 29. Nxe5+ Kd6 30. Nc6 R8b5 31. Nd4 Bf6 32. Nxb3 Rxb3 33. Ra2 Bd4 34. Bc1 Bf7 35. Bf4+ Kxd5 36.
Rc1 c4 37. Rd2 Rd3 38. Rdc2 c3 39. Rb1 Be8 40. Rb4 Bb5 41. Ra2 Rd1+ 42. Kh2 Bc5 43. Rxb5 axb5 44. a6 Ba7 45. Kg3 b4 46. Ra5+ Kc4 47.
Re5 b3 48. Re7 Rd3+ 49. Kg4 Bxf2 50. Rc7+ Kb5 51. Rb7+ Kc4 52. Rc7+ Kd5 53. a7 Bxa7 54. Rxa7 b2 55. Rb7 Kc6 56. Rc7+ Kb6 57. Rc8 e3 58. Kf3 Ka7 59. Rc7+ Ka6 60. Rc6+ Ka5 61. Rc8 Ka4 62. Rb8 Ka3 63. Bxe3 Rxe3+ 64. Kxe3 c2 65.
Ra8+ Kb3 66. Rb8+ Ka2 67. Ra8+ Kb1 68. Rc8 c1=N 0-1

[Event "*** Titled Tuesday Blitz"]
[Site "Chess.com"]
[Date "2020.12.29"]
[Round "5"]
[White "Alexander_Moskalenko"]
[Black "louis198"]
[Result "0-1"]
[WhiteElo "2830"]
[BlackElo "2600"]
[TimeControl "180+1"]
[EndTime "10:56:03 PST"]
[Termination "louis198 won on time"]

1. c4 e6 2. Nc3 d5 3. e3 Nf6 4.
Nf3 Be7 5. b3 O-O 6. Bb2 c5 7.
cxd5 exd5 8. d4 cxd4 9. Nxd4 Nc6 10. Be2 Qb6 11. Nxc6 bxc6 12. O-O Bf5 13. Rc1 Rac8 14. Na4 Qb7 15. Nc5 Qb6 16. Bd4 Qa5 17. Bd3 Bxd3 18.
Qxd3 Rfe8 19. Rc2 Bf8 20. Rfc1 Ne4 21. Nxe4 dxe4 22. Qc3 Qh5 23. Bxa7 Re6 24. Bc5 Rh6 25. h3 Rg6 26. Bxf8 Qxh3 27. Qxg7+ Rxg7 28. Bxg7 Qe6 29. Bd4 h5 30. Rc5 f6 31. Rxh5 Qg4 32. Rhc5 Kf7 33. g3 Qh3 34. Rxc6 Rh8 35. Rxf6+ Ke7 36. Rf7+ Kxf7 37. Bxh8 Qxh8 38. Rc4 Qa1+ 39. Kg2 Qxa2 40. Rxe4 Qxb3 41. Rf4+ Kg6 42. g4 Qd5+ 43. Kg3 Qd1 44. Kg2 Qd5+ 45. Kg3 Qd1 46. Rd4 Qg1+ 47. Kf3 Qh1+ 48.
Ke2 Qg2 49. Rf4 Kg5 50. Rd4 Qh1 51. Rf4 Qg2 52. Rd4 Qh1 53. Rb4 Qc6 54. Rf4 Qc2+ 55. Kf3 Qd1+ 56. Kg2 Qd5+ 57. Kh2 Qd6 58. Kg3 Qd1 59.
Rf5+ Kg6 60. f3 Qd6+ 61. Rf4 Kg5 0-1

[Event "*** Titled Tuesday Blitz"]
[Site "Chess.com"]
[Date "2020.12.29"]
[Round "5"]
[White "ChessyInstinct"]
[Black "Ze-Pequeno"]
[Result "0-1"]
[WhiteElo "2501"]
[BlackElo "2344"]
[TimeControl "180+1"]
[EndTime "10:56:04 PST"]
[Termination "Ze-Pequeno won by checkmate"]

1. d4 Nf6 2. c4 Nc6 3. Nf3 e6 4. g3 d5 5. Bg2 dxc4 6. Qa4 Bb4+ 7. Bd2 Nd5 8. a3 Bxd2+ 9. Nbxd2 Nb6 10. Qc2 Nxd4 11.
Nxd4 Qxd4 12. Rd1 O-O 13. O-O Qc5 14. h4 c6 15. Ne4 Qf5 16. Qc1 e5 17. Nc5 Qf6 18. Qg5 Qxg5 19. hxg5 Rb8 20. f4 Bg4 21. Rde1 exf4 22. gxf4 Rfe8 23. e4 Nd7 24. Nxd7 Bxd7 25. Rd1 Rbd8 26. Rd6 Bg4 27. Rxd8 Rxd8 28. Rf2 Rd1+ 29.
Kh2 Bd7 30. f5 f6 31. gxf6 gxf6 32. Bf3 Rd3 33. Kg3 c5 34. Kf4 Bc6 35. Rg2+ Kf8 36.
Rh2 Kg7 37. Rg2+ Kh8 38. Rf2 b5 39. Rc2 a6 40. Rf2 Rd4 41. Re2 Rd3 42. Rf2 b4 43. axb4 cxb4 44. Rc2 c3 45. bxc3 Rxc3 46. Rd2 Kg8 47.
Rd8+ Kf7 48. Rb8 a5 49. Bh5+ Kg7 50. e5 Rc4+ 51. Kg3 fxe5 52. Bg4 Kf6 53. Rf8+ Kg7 54. Rb8 Rc3+ 55. Kh4 b3 56. Kg5 h6+ 57. Kh5 Bd5 58.
Kh4 Bf7 59. Rb5 a4 60. Rb6 a3 61. f6+ Kg6 62. Bh5+ Kf5 63. Bxf7 a2 64. Bg8 a1=Q 65. Bh7+ Kf4 66. f7 Qh1# 0-1